 Dungeon Crawl Stone Soup version 0.29-a0-23-ga79f92ac9c (webtiles) character file.

Game seed: 5205456749988095382

3351 enile the Fighter (level 10, -7/74 (83) HPs)
             Began as a Formicid Abyssal Knight on Jan 30, 2022.
             Was a Priest of Lugonu.
             Mangled by an orc warrior (14 damage)
             ... on level 7 of the Dungeon.
             The game lasted 00:19:00 (10548 turns).

enile the Fighter (Formicid Abyssal Knight)        Turns: 10548, Time: 00:19:01

HP:   -7/74 (83)    AC: 20    Str: 23    XL:     10   Next: 22%
MP:   12/13         EV:  8    Int: 17    God:    Lugonu [***...]
Gold: 558           SH:  0    Dex: 15    Spells: 9/9 levels left

rFire   . . .      SeeInvis +   o - +4 quarterstaff (chaos)
rCold   . . .      Faith    .   (no shield)
rNeg    + . .      Spirit   .   G - +5 plate armour {rC+}
rPois   .          Reflect  .   (helmet unavailable)
rElec   .          Harm     .   (no cloak)
rCorr   .          Rampage  .   (no gloves)
Will    +....                   t - +0 pair of boots "Gailaseny" {Fly rC- rN+}
Stlth   ..........              (no amulet)
HPRegen 0.22/turn               c - +6 ring of intelligence
MPRegen 0.13/turn               q - +6 ring of strength

@: lethally poisoned (-7 -> -27), flying, heavily drained
A: permanent stasis, dig shafts and tunnels, antennae 3, four strong arms
a: Dig, Shaft Self, Renounce Religion, Depart the Abyss, Bend Space, Banish


You were on level 7 of the Dungeon.
You worshipped Lugonu.
Lugonu was most pleased with you.
You visited 1 branch of the dungeon, and saw 8 of its levels.
You visited the Abyss 1 time.

You collected 558 gold pieces.

Inventory:

Hand Weapons
 a - a +1 mace
 e - a +2 hunting sling of freezing
 f - a +0 flail
 o - a +4 quarterstaff of chaos (weapon)
 r - a +2 dagger of venom
 v - a +0 vorpal spear
 A - a +2 flail of holy wrath
 J - a +2 whip of flaming
Missiles
 g - 61 sling bullets
 s - 163 stones
Armour
 b - a +0 leather armour
 d - a +0 ring mail
 l - a +0 chain mail of positive energy
 t - the +0 pair of boots "Gailaseny" (worn) {Fly rC- rN+}
   (You found it on level 5 of the Dungeon)

   rC:        It makes you vulnerable to cold.
   rN:        It protects you from negative energy.
   Fly:       It grants you flight.
 G - a +5 plate armour of cold resistance (worn)
Jewellery
 c - a +6 ring of intelligence (left hand)
 q - a +6 ring of strength (right hand)
 F - the ring "Inopnuf" {*Slow rF+ rN+ rCorr Dex+8}
   (You found it on level 6 of the Dungeon)

   [ring of positive energy]

   Dex:       It affects your dexterity (+8).
   rF:        It protects you from fire.
   rN:        It protects you from negative energy.
   rCorr:     It protects you from acid and corrosion.
   *Slow:     It may slow you when you take damage.
Wands
 u - a wand of digging (4)
 y - a wand of polymorph (10)
 D - a wand of flame (18)
 H - a wand of mindburst (15) (quivered)
Scrolls
 h - 2 scrolls of blinking {unknown}
 i - a scroll of holy word
 k - a scroll of immolation
 n - 2 scrolls of amnesia
 p - 4 scrolls of teleportation
Potions
 j - a potion of lignification
 m - 2 potions of haste
 x - a potion of curing
 z - a potion of experience {unknown}
 B - a potion of mutation {unknown}
 C - a potion of brilliance {unknown}
 E - 2 potions of flight {unknown}
 I - a potion of degeneration {unknown}


   Skills:
 - Level 9.0 Fighting
 - Level 4.0(5.3) Maces & Flails
 - Level 5.3(6.0) Staves
 - Level 8.3 Armour
 - Level 2.3 Dodging
 + Level 5.1 Stealth
 - Level 5.0 Invocations


You had 9 spell levels left.
You didn't know any spells.
Your spell library contained the following spells:

 Spells                   Type           Power      Damage    Failure   Level
 Beastly Appendage        Tmut           0%         N/A       97%         1
 Freeze                   Ice            0%         1d3       97%         1
 Magic Dart               Conj           0%         1d3       97%         1
 Call Imp                 Summ           0%         N/A       99%         2
 Corpse Rot               Necr/Air       0%         N/A       99%         2
 Scorch                   Fire           0%         2d5       99%         2
 Wereblood                Tmut           0%         N/A       99%         2
 Mephitic Cloud           Conj/Pois/Air  0%         N/A       100%        3
 Spider Form              Tmut/Pois      0%         N/A       100%        3
 Dispel Undead            Necr           0%         3d6       100%        4
 Flame Wave               Conj/Fire      0%         2d4       100%        4
 Death Channel            Necr           0%         N/A       100%        6
 Summon Cactus Giant      Summ           0%         N/A       100%        6


Dungeon Overview and Level Annotations

Branches:
Dungeon (8/15)             Temple (0/1) D:4
   Lair: D:8-11

Altars:
Ru

Shops:
D:5 =   D:8 (

Annotations:
D:5 3 runed translucent doors, axecop's ghost, weakling HODe
D:6 4 runed translucent doors
D:7 corrupted


Innate Abilities, Weirdness & Mutations

You cannot be hasted, slowed, berserked, paralysed or teleported.
You can dig through walls and to a lower floor.
You have a pair of large antennae on your head. (SInv)
Your four strong arms can wield two-handed weapons with a shield.


Message History

You feel very sick. The orc warrior barely misses you.
You fly upwards.
Level annotation: corrupted You feel very sick.
There is a stone staircase leading down here.
You hit the orc warrior. You burn the orc warrior.
The orc warrior is heavily wounded.
You feel sick. The orc warrior closely misses you.
You barely miss the orc warrior.
The orc warrior is heavily wounded.
You feel sick.
The orc warrior hits you with a +1 glaive of venom.
You are more poisoned.
You hit the orc warrior.
The orc warrior seems to speed up.
You punch the orc warrior, but do no damage.
The orc warrior is severely wounded.
You feel very sick. The orc warrior closely misses you.
You closely miss the orc warrior.
The orc warrior is severely wounded.
You feel very sick.
The orc warrior hits you but does no damage.
You are more poisoned.
The orc warrior hits you with a +1 glaive of venom!
* * * LOW HITPOINT WARNING * * *
You are lethally poisoned!
Space bends around you!
You blink.
* * * LOW HITPOINT WARNING * * *
You feel extremely sick.
Okay, then.
Aiming: Mindburst
Press: ? - help, Q - select action, (/) - cycle Shift-Dir - straight line, f - orc warrior
Aim: an orc warrior, wielding a +1 glaive of venom and wearing a +0 plate armour (severely wounded, fast, chance to affect: 64%)
The orc warrior struggles to resist.
* * * LOW HITPOINT WARNING * * *
You feel very sick. The orc warrior closely misses you.
The orc warrior hits you from afar with a +1 glaive of venom!
You die...

..# #..................##.####.#
..####.....#####.###....##.####.#
.....+.....+..##+###....##....#.#
.....#.....#......รท.....##.##.#.#
.......#................##.#.....
##.#.#.#.###............####..#..
#.#.#.#.# #.#.......#'## #..###
#.#.#.#.# #########.#.# #..#.#
#.#.#.#.####.o.@......#####..#.#
#.#.#.#.#..>.######.##.........#
#.#.#.#.+...)...................
#.#.#.###....###############.#..
##.#.#.###.......................
........##.....########.#.###.##.
##.).#..##..........# #.#.# #.##.
##.###########.####)# #.#.# #.##.
##................#.# #.#'###.##.


You could see an orc warrior (fast).

Vanquished Creatures
  Grinder (D:4)
  A wraith (D:6)
  A yak (D:6)
  2 water moccasins
  4 ice beasts
  An orc warrior (D:6)
  2 sky beasts (D:6)
  3 ogres
  3 centaurs
  A phantom (D:4)
  A bullfrog (D:6)
  6 scorpions
  A wyvern zombie (D:5)
  A killer bee (D:7)
  A wight (D:6)
  A howler monkey (D:7)
  A centaur zombie (D:5)
  A gnoll shaman (D:4)
  3 hounds
  Crazy Yiuf (D:4)
  3 iguanas
  A centaur skeleton (D:6)
  5 orc wizards
  Terence (D:3)
  A killer bee zombie (D:7)
  2 hound skeletons
  Robin (D:4)
  13 gnolls
  9 adders
  2 white imps
  An ufetubus (D:4)
  2 worms (D:5)
  2 dart slugs
  22 orcs
  9 endoplasms
  4 giant cockroaches
  16 goblins
  5 hobgoblins
  6 jackals
  2 quokkas
  6 ball pythons
  13 bats
  3 frilled lizards
  8 kobolds
  7 rats
180 creatures vanquished.

Vanquished Creatures (others)
  A water moccasin (D:7)
  A kobold brigand (D:7)
  A scorpion (D:7)
  4 killer bees (D:7)
  2 kobolds (D:7)
  17 fungi (D:8)
  19 plants (D:8)
  2 starspawn tentacles (D:7)
47 creatures vanquished.

Grand Total: 227 creatures vanquished

Notes
Turn   | Place    | Note
-------+----------+-------------------------------------------
     0 | Abyss:1  | enile the Formicid Abyssal Knight began the quest for the
                  | Orb.
     0 | Abyss:1  | Reached XP level 1. HP: 18/18 MP: 2/2
    35 | D:1      | Escaped the Abyss
   156 | D:1      | Reached skill level 1 in Dodging
   351 | D:1      | Reached XP level 2. HP: 24/24 MP: 3/3
   965 | D:1      | Found a faded altar of an unknown god.
   973 | D:1      | Reached * piety under Lugonu
  1142 | D:1      | Got Plato's Papyrus of Ice
  1213 | D:1      | Reached XP level 3. HP: 19/29 MP: 4/4
  1956 | D:2      | Reached XP level 4. HP: 37/37 MP: 6/6
  2029 | D:2      | Reached XP level 5. HP: 19/42 MP: 7/7
  2290 | D:2      | Reached ** piety under Lugonu
  2291 | D:2      | Reached skill level 4 in Fighting
  2678 | D:3      | Noticed Terence
  2687 | D:3      | Killed Terence
  3119 | D:3      | Reached XP level 6. HP: 47/48 MP: 8/8
  3708 | D:4      | Noticed Robin
  3774 | D:4      | Killed Robin
  4057 | D:4      | Reached skill level 5 in Fighting
  4057 | D:4      | Reached skill level 1 in Stealth
  4107 | D:4      | Reached XP level 7. HP: 38/56 MP: 9/9
  4426 | D:4      | Noticed Grinder
  4489 | D:4      | Killed Grinder
  4490 | D:4      | Reached skill level 6 in Fighting
  4563 | D:4      | Found a runed translucent door.
  4564 | D:4      | Noticed Crazy Yiuf
  4924 | D:4      | Found a staircase to the Ecumenical Temple.
  5034 | D:4      | Killed Crazy Yiuf
  5035 | D:4      | Reached XP level 8. HP: 8/64 MP: 5/10
  5328 | D:5      | Entered Level 5 of the Dungeon
  5334 | D:5      | Identified the +0 pair of boots "Gailaseny" {Fly rC- rN+}
  5549 | D:5      | Reached *** piety under Lugonu
  5550 | D:5      | Reached skill level 1 in Staves
  5963 | D:5      | Noticed axecop's ghost (weakling HODe)
  6007 | D:5      | Found a runed translucent gate.
  6007 | D:5      | Found a runed translucent gate.
  6009 | D:5      | Found a runed translucent gate.
  6079 | D:5      | Reached skill level 7 in Fighting
  6181 | D:5      | Found Giaxibre's Jewellery Shop.
  6195 | D:5      | Reached skill level 5 in Armour
  6447 | D:5      | Reached skill level 5 in Invocations
  6456 | D:5      | Reached XP level 9. HP: 32/72 MP: 12/12
  7201 | D:6      | Reached skill level 5 in Staves
  7704 | D:6      | Found a large runed translucent door.
  7704 | D:6      | Found a large runed translucent door.
  7707 | D:6      | Noticed a two-headed ogre
  7714 | D:6      | Found a large runed translucent door.
  7714 | D:6      | Found a large runed translucent door.
  8115 | D:6      | Identified the ring "Inopnuf" {*Slow rF+ rN+ rCorr Dex+8}
  8173 | D:6      | Reached skill level 8 in Fighting
  8476 | D:6      | Reached skill level 9 in Fighting
  8476 | D:6      | Reached XP level 10. HP: 74/83 MP: 13/13
  8486 | D:6      | Reached **** piety under Lugonu
  8908 | D:7      | Found a sacrificial altar of Ru.
  9087 | D:7      | Corrupted D:7
  9087 | D:7      | Noticed a sixfirhy
  9087 | D:7      | Noticed an unseen horror
  9087 | D:7      | Noticed a thrashing horror
  9087 | D:7      | Noticed a tentacled starspawn
  9087 | D:7      | Noticed a sun demon
  9087 | D:7      | Noticed an ice devil
  9087 | D:7      | Noticed a spatial maelstrom
  9087 | D:7      | Noticed a deep elf elementalist
  9087 | D:7      | Noticed a smoke demon
  9087 | D:7      | Noticed a starcursed mass
  9087 | D:7      | Noticed a starcursed mass
  9088 | D:7      | Noticed a bone dragon
  9088 | D:7      | Noticed a thrashing horror
  9091 | D:7      | Reached skill level 5 in Stealth
  9091 | D:7      | Noticed a thrashing horror
  9094 | D:7      | Noticed a torpor snail
  9094 | D:7      | a meliai changed into a torpor snail
  9098 | D:7      | Noticed a will-o-the-wisp
  9104 | D:7      | Noticed an orb spider
  9113 | D:7      | Noticed a kobold demonologist
  9125 | D:7      | Noticed a sixfirhy
  9143 | D:7      | an orb spider changed into a snapping turtle
  9147 | D:7      | Noticed a mana viper
  9147 | D:7      | a snapping turtle changed into a mana viper
  9832 | D:8      | Found Zatol's Weapon Shoppe.
 10548 | D:7      | Mangled by an orc warrior

Illustrated notes

Levels and vault maps discovered:
D:1:      heliophobic_arrival_henge, layout_basic,
          shapermc_ecumenical_altar_rom_forum, minmay_small_reverse_x
D:2:      layout_rooms, grunt_ministairs_9, serial_park_tiny_1,
          minmay_crystal_room, minmay_misc_feat_tiny
D:3:      layout_rooms, uniq_terence
D:4:      layout_basic, temple_doors_cd, uniq_crazy_yiuf_cottage, uniq_grinder,
          uniq_robin
D:5:      layout_basic, serial_shops, shop, gammafunk_ghost_split
D:6:      minmay_diamond_boxcup, layout_loops_ring,
          minmay_hollow_rounded_squares
D:7:      layout_basic, mainiacjoe_overflow_six_doors_small, dk_rats_in_the_wall
D:8:      layout_loops_ring, due_lair_maze_entry_diamond, serial_shops,
          nicolae_shop_bloodbath_and_beyond, kennysheep_kite_vault, uniq_erica,
          uniq_maurice

Skill      XL: |  1  2  3  4  5  6  7  8  9 10 |
---------------+-------------------------------+-----
Dodging        | 1 2 |  2.3
Invocations    | 3 5 |  5.0
Armour         | 3 4 5 7 8 |  8.3
Fighting       | 4 5 6 7 9 |  9.0
Maces & Flails | 3 4 |  4.0
Stealth        | 3 4 5 |  5.1
Staves         | 3 5 |  5.3

Action                   |  1- 3 |  4- 6 |  7- 9 | 10-12 || total
-------------------------+-------+-------+-------+-------++-------
Melee: Mace              |    78 |    25 |       |       ||   103
       Punch             |     2 |     2 |     4 |     4 ||    12
       Flail             |       |   125 |    40 |       ||   165
       Quarterstaff      |       |       |   179 |    75 ||   254
 Fire: Hunting sling     |    12 |    24 |       |       ||    36
Invok: Depart the Abyss  |     1 |       |       |       ||     1
       Bend Space        |       |       |     2 |     1 ||     3
       Corrupt           |       |       |       |     1 ||     1
 Abil: Dig               |       |       |       |     1 ||     1
Evoke: Wand              |       |       |       |     1 ||     1
  Use: Scroll            |     1 |     4 |     1 |     2 ||     8
       Potion            |       |       |     3 |     1 ||     4
 Stab: Confused          |       |       |     1 |       ||     1
       Petrifying        |       |       |     1 |       ||     1
       Petrified         |       |       |     1 |       ||     1
       Paralysed         |       |       |     1 |       ||     1
Armor: Leather armour    |    13 |       |       |       ||    13
       Ring mail         |    37 |    19 |       |       ||    56
       Chain mail        |       |    64 |   100 |       ||   164
       Plate armour      |       |       |     6 |    64 ||    70
Dodge: Dodged            |    98 |   104 |   104 |    32 ||   338

Table legend: (Time is in decaauts)
 A = Elapsed time spent in this place.
 B = Non-inter-level travel time spent in this place.
 C = Inter-level travel time spent in this place.
 D = Time resting spent in this place.
 E = Time spent auto-exploring this place.
 F = Levels seen in this place.
 G = Mean time per level.
                   A        B        C        D        E       F      G
               +--------+--------+--------+--------+--------+-----+--------+
         Total |  10642 |  10371 |    271 |   1559 |   7018 |   9 | 1182.4 |
       Dungeon |  10607 |  10336 |    271 |   1559 |   6991 |   8 | 1325.9 |
         Abyss |     35 |     35 |      0 |      0 |     27 |   1 |   35.0 |
               +--------+--------+--------+--------+--------+-----+--------+

Top non-repeatable levels by time:
     D:4: 2004 daAuts
     D:7: 1810 daAuts
     D:5: 1592 daAuts
     D:6: 1507 daAuts
     D:1: 1504 daAuts
     D:2: 1170 daAuts
     D:3: 977 daAuts
     D:8: 40 daAuts
 Abyss:1: 35 daAuts
